[Event "Titled Tuesday Blitz February 14 Late 2023"]
[White "Ardila, Oscar Humberto"]
[Black "Tarnowska, Aleksandra"]
[WhiteFideId "4404742"]
[BlackFideId "1180967"]
[WhiteElo "1982"]
[BlackElo "1835"]
[Result "0-1"]
[Round "08"]
[TimeControl "180+2"]
[Date "2023.02.14"]
[WhiteClock "0:01:16"]
[BlackClock "0:00:28"]

1. d4 d5 2. Nf3 Nf6 3. g3 e6 4. Bg2 Be7 5. O-O O-O 6. Nbd2 b6 7. b3 Bb7 8. Bb2 Nbd7 9. Rc1 Rc8 10. Ne5 c5 11. f4 cxd4 12. Bxd4 Bc5 13. e3 Ba3 14. Rb1 Bc5 15. h3 Ba6 16. Rf2 Qc7 17. Nf1 Bxd4 18. exd4 Qc3 19. Kh2 Nxe5 20. dxe5 Ne4 21. Bxe4 dxe4 22. Qe1 Rfd8 23. Ne3 h6 24. Rd1 Rxd1 25. Nxd1 Qxe1 0-1


[Site "https://www.chess.com"]

[Event "Titled Tuesday Blitz February 14 Late 2023"]
[White "Sailer, Mike"]
[Black "Leonte, Sebastian-Marian"]
[WhiteFideId "2012901"]
[BlackFideId "1268767"]
[WhiteElo "2109"]
[BlackElo "1279"]
[Result "1-0"]
[Round "08"]
[TimeControl "180+2"]
[Date "2023.02.14"]
[WhiteClock "0:00:10"]
[BlackClock "0:00:07"]

1. d4 Nf6 2. Bg5 e6 3. e4 h6 4. Bxf6 Qxf6 5. Nc3 Bb4 6. Bd3 c5 7. e5 Qe7 8. Qg4 Qg5 9. Qxg5 hxg5 10. a3 cxd4 11. axb4 dxc3 12. bxc3 Nc6 13. Nf3 g4 14. Nd4 Nxe5 15. Nb5 Ke7 16. Rxa7 Rxa7 17. Nxa7 d6 18. Nxc8+ Rxc8 19. Kd2 f5 20. h4 Kf6 21. Ra1 Rh8 22. g3 Nf3+ 23. Ke3 Rc8 24. Ra7 Rxc3 25. Rxb7 e5 26. Rb6 Ke6 27. Ke2 e4 28. Ba6 Rxc2+ 29. Ke3 Rc3+ 30. Kf4 Ne5 31. b5 Kf6 32. Rxd6+ Ke7 33. Kxe5 e3 34. fxe3 Rxe3+ 35. Kxf5 Kxd6 36. Kxg4 Rb3 37. Kf4 Kd7 38. g4 Ke6 39. Kg5 Kf7 40. h5 Rb4 41. Kf5 g6+ 42. hxg6+ Kg7 43. Kg5 Rb3 44. Kf5 Rb2 45. Kg5 Rb1 46. Kf5 Rf1+ 47. Kg5 Ra1 48. Bb7 Rb1 49. Bc6 Rb2 50. Kf5 Rb4 51. g5 Rb3 52. Bd7 Rb2 53. Be8 Re2 54. Bc6 Rf2+ 55. Ke6 Rf1 56. Kd7 Rg1 57. Kc7 Rxg5 58. b6 Rg1 59. b7 Rb1 60. Be4 Rb4 61. b8=Q Rxb8 62. Kxb8 Kf6 63. Kc7 Kg7 64. Kd8 Kf6 65. Ke8 Kg7 66. Ke7 Kg8 67. Kf6 Kh8 68. g7+ Kg8 69. Bd5+ 1-0


[Site "https://www.chess.com"]

[Event "Titled Tuesday Blitz February 14 Late 2023"]
[White "Marcolino, Daniel Mattos"]
[Black "De Souza, Cristiano Gomes"]
[WhiteFideId "2106841"]
[BlackFideId "2151758"]
[WhiteElo "2006"]
[BlackElo "2018"]
[Result "0-1"]
[Round "08"]
[TimeControl "180+2"]
[Date "2023.02.14"]
[WhiteClock "0:00:02"]
[BlackClock "0:00:09"]

1. d4 Nf6 2. Nf3 g6 3. g3 Bg7 4. Bg2 O-O 5. O-O d6 6. b3 Nc6 7. Bb2 Bf5 8. c4 Qd7 9. Nbd2 Bh3 10. e4 Bxg2 11. Kxg2 a5 12. Re1 Nb4 13. Nf1 h5 14. a3 Na6 15. h3 c5 16. d5 Nc7 17. Qc2 e5 18. dxe6 Nxe6 19. Ne3 b5 20. Nd5 Nxd5 21. exd5 Nc7 22. Bxg7 Kxg7 23. Ng5 Rae8 24. Ne4 f6 25. Qc3 b4 26. axb4 axb4 27. Qb2 Rf7 28. Ng5 Rfe7 29. Rxe7+ Rxe7 30. Ra7 Qe8 31. Nf3 Kf7 32. Qc1 Kg7 33. Qa1 Kf7 34. Qc1 Qd8 35. Qh6 Ne8 36. Rxe7+ Qxe7 37. Qh7+ Ng7 38. Qh8 Qe4 39. Qc8 Nf5 40. Qd7+ Kg8 41. Qc8+ Kg7 42. Qd7+ Kh6 43. Qd8 Kh7 44. Qxf6 Nd4 45. Qf7+ Kh6 46. Qf4+ Qxf4 47. gxf4 Nxb3 48. Nh4 Na5 49. f5 g5 50. Nf3 Nxc4 0-1


[Site "https://www.chess.com"]

[Event "Titled Tuesday Blitz February 14 Late 2023"]
[White "Clawitter, Craig"]
[Black "Souza, Gustavo Horokoski De"]
[WhiteFideId "2023105"]
[BlackFideId "2146584"]
[WhiteElo "2050"]
[BlackElo "1943"]
[Result "1-0"]
[Round "08"]
[TimeControl "180+2"]
[Date "2023.02.14"]
[WhiteClock "0:00:01"]
[BlackClock "0:00:22"]

1. e4 e6 2. d4 d5 3. e5 c5 4. c3 Nc6 5. Nf3 a6 6. Be2 Qb6 7. O-O Bd7 8. dxc5 Bxc5 9. b4 Be7 10. Bd3 h5 11. Re1 Nh6 12. Be3 Qc7 13. Bd4 Ng4 14. h3 Nh6 15. a3 O-O-O 16. Nbd2 g5 17. a4 g4 18. Nh2 gxh3 19. b5 Nb8 20. g3 Rdg8 21. c4 Bc5 22. Nb3 Bxd4 23. Nxd4 Qc5 24. Bf1 a5 25. Rc1 Kd8 26. cxd5 Qxd5 27. Bxh3 h4 28. Bg2 Qa2 29. Re2 Qa3 30. Re3 Qa2 31. Rec3 hxg3 32. fxg3 Rxg3 33. Rxg3 Ke7 34. Qc2 Nf5 35. Qxa2 1-0


[Site "https://www.chess.com"]

[Event "Titled Tuesday Blitz February 14 Late 2023"]
[White "Davalos Prieto, Abel Justo"]
[Black "Mushini Ajay"]
[WhiteFideId "5102766"]
[BlackFideId "35066188"]
[WhiteElo "2029"]
[BlackElo "2310"]
[Result "0-1"]
[Round "08"]
[TimeControl "180+2"]
[Date "2023.02.14"]
[WhiteClock "0:00:05"]
[BlackClock "0:00:29"]

1. c4 e6 2. Nc3 Nf6 3. e4 d5 4. e5 d4 5. exf6 dxc3 6. bxc3 Qxf6 7. d4 c5 8. Nf3 h6 9. Bd3 Nc6 10. O-O cxd4 11. cxd4 Nxd4 12. Nxd4 Qxd4 13. Be3 Qf6 14. c5 Bd7 15. Be4 Bc6 16. Bxc6+ bxc6 17. Qa4 e5 18. f4 Be7 19. fxe5 Qe6 20. Bd4 O-O 21. Rab1 Qd5 22. Qb4 Qxa2 23. Rb3 a5 24. Qb7 a4 25. Rb4 Qe6 26. Rb6 Qd5 27. Bf2 Bxc5 28. Rxc6 Bxf2+ 29. Rxf2 a3 30. Rb6 Qxb7 31. Rxb7 a2 0-1


[Site "https://www.chess.com"]

[Event "Titled Tuesday Blitz February 14 Late 2023"]
[White "Hu, Merric"]
[Black "Jesusesmifuerza"]
[WhiteFideId "30906660"]
[WhiteElo "2022"]
[BlackElo "2001"]
[Result "1-0"]
[Round "08"]
[TimeControl "180+2"]
[Date "2023.02.14"]
[WhiteClock "0:01:10"]
[BlackClock "0:00:06"]

1. d4 d5 2. Nf3 e6 3. Bf4 Bd6 4. Bxd6 Qxd6 5. Nc3 a6 6. e4 c5 7. dxc5 Qxc5 8. exd5 Nf6 9. dxe6 Bxe6 10. Bd3 Nc6 11. O-O O-O 12. a3 Rad8 13. Qe2 Bg4 14. h3 Nd4 15. Qe3 Nxf3+ 16. gxf3 Qxe3 17. fxe3 Bxh3 18. Rf2 Rfe8 19. e4 Bd7 20. f4 Bc6 21. Re1 Re7 22. Rfe2 Nh5 23. Rf2 Nf6 24. Kg2 Rde8 25. Kf3 Nd5 26. exd5 Bxd5+ 27. Be4 Bxe4+ 28. Rxe4 Rxe4 29. Nxe4 Rc8 30. b3 Kf8 31. c4 b5 32. Rc2 Rd8 33. c5 Rc8 34. b4 Ke7 35. Rd2 1-0


[Site "https://www.chess.com"]

[Event "Titled Tuesday Blitz February 14 Late 2023"]
[White "Andreikin, Dmitry"]
[Black "Bortnyk, Olexandr"]
[WhiteFideId "4158814"]
[BlackFideId "14120828"]
[WhiteElo "2729"]
[BlackElo "2605"]
[Result "0-1"]
[Round "09"]
[TimeControl "180+2"]
[Date "2023.02.14"]
[WhiteClock "0:00:34"]
[BlackClock "0:00:39"]

1. c4 d6 2. Nc3 e5 3. g3 g6 4. Bg2 Bg7 5. e4 Nc6 6. Nge2 Nge7 7. d3 a5 8. O-O O-O 9. Nd5 f5 10. Be3 Be6 11. Qd2 Qd7 12. Bg5 Rf7 13. Nec3 Raf8 14. Nb5 f4 15. Nbxc7 f3 16. Bh1 Bxd5 17. Nxd5 Nxd5 18. exd5 Nd4 19. Rae1 Qh3 20. Be3 Rf5 21. Bg5 Ne2+ 22. Rxe2 fxe2 23. Qxe2 Rxg5 24. Bg2 Qg4 25. Qe3 Rgf5 26. Be4 R5f7 27. Qb6 Qe2 28. Bg2 Bh6 29. Bh3 Rxf2 30. Rxf2 Be3 31. Be6+ Kh8 0-1


[Site "https://www.chess.com"]

[Event "Titled Tuesday Blitz February 14 Late 2023"]
[White "Terry, Renato"]
[Black "Bluebaum, Matthias"]
[WhiteFideId "3803457"]
[BlackFideId "24651516"]
[WhiteElo "2520"]
[BlackElo "2669"]
[Result "1/2-1/2"]
[Round "09"]
[TimeControl "180+2"]
[Date "2023.02.14"]
[WhiteClock "0:00:03"]
[BlackClock "0:00:05"]

1. Nf3 d5 2. e3 c5 3. b3 a6 4. Bb2 Nc6 5. d4 cxd4 6. Nxd4 Nf6 7. Be2 e6 8. O-O Bd6 9. c4 e5 10. Nxc6 bxc6 11. Bf3 Be6 12. cxd5 cxd5 13. Nc3 Be7 14. Na4 Bd6 15. Nc3 e4 16. Be2 h5 17. h3 Rh6 18. f4 exf3 19. Bxf3 Bc7 20. Ba3 Bb8 21. Ne2 Ng4 22. Qc1 Ba7 23. Nd4 Rc8 24. Qd2 Qg5 25. Rae1 Qe5 26. g3 Qxg3+ 27. Qg2 Qxg2+ 28. Kxg2 Ne5 29. Be2 Rg6+ 30. Kh2 Bb8 31. Kh1 Rg3 32. Bxa6 Rc3 33. Bb5+ Kd8 34. Bb4 Rxh3+ 35. Kg2 Rcxe3 36. Nxe6+ fxe6 37. Rxe3 Rxe3 38. Rf8+ Kc7 39. Ba5+ Kb7 40. Rg8 Re4 41. Rxg7+ Ka8 42. Re7 Rg4+ 43. Kf1 Rg6 44. Re8 Rf6+ 45. Ke2 Kb7 46. Re7+ Ka8 47. Re8 Kb7 48. Re7+ Ka8 49. Re8 1/2-1/2


[Site "https://www.chess.com"]

[Event "Titled Tuesday Blitz February 14 Late 2023"]
[White "Hakobyan, Aram"]
[Black "Nakamura, Hikaru"]
[WhiteFideId "13306677"]
[BlackFideId "2016192"]
[WhiteElo "2608"]
[BlackElo "2775"]
[Result "0-1"]
[Round "09"]
[TimeControl "180+2"]
[Date "2023.02.14"]
[WhiteClock "0:00:01"]
[BlackClock "0:00:17"]

1. e4 c5 2. Nf3 e6 3. d4 cxd4 4. Nxd4 a6 5. Bd3 Nf6 6. O-O Qc7 7. Qe2 d6 8. c4 g6 9. Nc3 Bg7 10. Be3 Nc6 11. Rac1 O-O 12. Nxc6 bxc6 13. f4 c5 14. Kh1 Bb7 15. Rce1 Rae8 16. Bf2 Nd7 17. Bh4 f5 18. Qd2 Nb8 19. Bc2 Kh8 20. Rd1 Bd4 21. Ne2 Nc6 22. Ba4 e5 23. fxe5 Bxe5 24. Nc3 Qg7 25. exf5 Rxf5 26. Rxf5 gxf5 27. Nd5 Rf8 28. Re1 Nd4 29. Be7 Rf7 30. Bg5 Bxd5 31. cxd5 f4 32. Bh4 f3 33. Rf1 Qg4 34. Be1 Ne2 0-1


[Site "https://www.chess.com"]

[Event "Titled Tuesday Blitz February 14 Late 2023"]
[White "Deac, Bogdan-Daniel"]
[Black "Yu, Yangyi"]
[WhiteFideId "1226380"]
[BlackFideId "8603820"]
[WhiteElo "2700"]
[BlackElo "2729"]
[Result "1/2-1/2"]
[Round "09"]
[TimeControl "180+2"]
[Date "2023.02.14"]
[WhiteClock "0:00:02"]
[BlackClock "0:00:04"]

1. c4 e6 2. g3 d5 3. Bg2 Nf6 4. Nf3 Be7 5. O-O O-O 6. d3 b6 7. cxd5 exd5 8. d4 Bb7 9. b3 Nbd7 10. Bb2 Re8 11. Nc3 a6 12. Rc1 Bd6 13. e3 Qe7 14. Ne2 Ne4 15. Nf4 a5 16. Qc2 Rac8 17. Rfd1 c6 18. h4 h6 19. Bh3 Rc7 20. Qe2 Qd8 21. Qd3 Bc8 22. Bg2 Qe7 23. Rc2 Bb7 24. Rdc1 Rec8 25. Bh3 c5 26. dxc5 Bxc5 27. Nxd5 Bxd5 28. Qxd5 Nxf2 29. Rxf2 Bxe3 30. Rf1 Rd8 31. Kg2 Bxf2 32. Rxf2 Nc5 33. Qe5 Qxe5 34. Bxe5 Re7 35. Bd4 Rd5 36. Bxc5 Rxc5 37. Rd2 g6 38. Kf2 Kg7 39. Bf1 Rec7 40. a4 Rf5 41. Bc4 Re7 42. Kg2 Re3 43. Nd4 Rf6 44. Rf2 Rxf2+ 45. Kxf2 Re5 46. Nb5 f5 47. Nd6 Rc5 48. Ke3 g5 49. hxg5 hxg5 50. Kd4 Kf6 51. Bd3 f4 52. Ne4+ Ke6 53. gxf4 Rc1 54. fxg5 Kf5 55. Bc4 Rd1+ 56. Bd3 Rc1 57. Nd6+ Kxg5 58. Nc4 Kf6 59. Nxb6 Rh1 60. Bb5 Rh4+ 61. Kc3 Rh3+ 62. Kb2 Ke5 63. Nc4+ Kd4 64. Nxa5 Rh2+ 65. Ka3 Kc3 66. Bc4 Rh1 67. b4 Ra1+ 68. Ba2 Rxa2+ 69. Kxa2 Kxb4 70. Nc6+ Kxa4 1/2-1/2


[Site "https://www.chess.com"]

[Event "Titled Tuesday Blitz February 14 Late 2023"]
[White "Paravyan, David"]
[Black "Lenderman, Aleksandr"]
[WhiteFideId "4194985"]
[BlackFideId "2021285"]
[WhiteElo "2601"]
[BlackElo "2572"]
[Result "0-1"]
[Round "09"]
[TimeControl "180+2"]
[Date "2023.02.14"]
[WhiteClock "0:00:01"]
[BlackClock "0:00:25"]

1. d4 c6 2. Nf3 g6 3. e4 Bg7 4. h3 d5 5. e5 f6 6. Bf4 fxe5 7. Nxe5 Nd7 8. Bd3 Qb6 9. Nf3 Qxb2 10. Nbd2 Ngf6 11. O-O O-O 12. Qe2 Nb6 13. a4 Ne4 14. Qe3 Qc3 15. Nxe4 dxe4 16. Bxe4 Qxe3 17. fxe3 Bf5 18. Bxf5 Rxf5 19. Be5 Nc4 20. Bxg7 Kxg7 21. e4 Ra5 22. Rfb1 b6 23. Rb4 Nd6 24. e5 Nf5 25. Re1 c5 26. Rc4 Nxd4 27. Nxd4 cxd4 28. Rxd4 Rc8 29. Rd7 Kf7 30. e6+ Ke8 31. Rf1 Rc6 32. Rb7 Rxe6 33. Rf4 g5 34. Rd4 h5 35. Kh2 h4 36. c3 Re1 37. Rg4 Rf5 38. Rb8+ Kf7 39. Rh8 Rff1 0-1


[Site "https://www.chess.com"]

[Event "Titled Tuesday Blitz February 14 Late 2023"]
[White "Mamedov, Rauf"]
[Black "Perez Ponsa, Federico"]
[WhiteFideId "13401653"]
[BlackFideId "117927"]
[WhiteElo "2646"]
[BlackElo "2532"]
[Result "1/2-1/2"]
[Round "09"]
[TimeControl "180+2"]
[Date "2023.02.14"]
[WhiteClock "0:00:07"]
[BlackClock "0:00:05"]

1. e4 c5 2. Nf3 d6 3. Nc3 Nf6 4. e5 dxe5 5. Nxe5 a6 6. g3 Qd6 7. Nf3 Bg4 8. Bg2 Qe6+ 9. Kf1 Bh3 10. d4 Bxg2+ 11. Kxg2 cxd4 12. Nxd4 Qd7 13. Qf3 e6 14. Rd1 Qc8 15. Bg5 Be7 16. Re1 Nc6 17. Nxc6 Qxc6 18. Qxc6+ bxc6 19. Rad1 Rb8 20. b3 Bb4 21. Re3 Bxc3 22. Bf4 e5 23. Bxe5 Bxe5 24. Rxe5+ Kf8 25. Ra5 Ra8 26. Rc5 Ke7 27. Re5+ Kf8 28. Rc5 g6 29. Rxc6 Kg7 30. Rdd6 Ne4 31. Rd7 Rhc8 32. Rxc8 Rxc8 33. c4 Nc3 34. Rd2 a5 35. Kf3 a4 36. Ke3 axb3 37. axb3 Rb8 38. Rd3 Rxb3 39. h4 h5 40. f3 Kf6 41. Kd2 Nb1+ 42. Kc2 Rxd3 43. Kxd3 Ke5 44. Kc2 Na3+ 45. Kb3 Nb1 46. Kc2 Kd4 47. Kxb1 Kxc4 48. Kc2 Kd4 49. Kd2 f6 50. g4 f5 51. gxh5 gxh5 52. Ke2 f4 53. Kd2 Kc4 54. Kc2 Kd4 55. Kd2 Kc4 56. Kc2 Kd4 57. Kd2 1/2-1/2


[Site "https://www.chess.com"]

[Event "Titled Tuesday Blitz February 14 Late 2023"]
[White "Ibarra Jerez, Jose Carlos"]
[Black "Sarana, Alexey"]
[WhiteFideId "2226332"]
[BlackFideId "24133795"]
[WhiteElo "2563"]
[BlackElo "2685"]
[Result "0-1"]
[Round "09"]
[TimeControl "180+2"]
[Date "2023.02.14"]
[WhiteClock "0:00:15"]
[BlackClock "0:02:12"]

1. e4 c5 2. Nf3 d6 3. c3 Nf6 4. h3 g6 5. Bd3 Bg7 6. Bc2 O-O 7. d4 cxd4 8. cxd4 Nc6 9. O-O e5 10. d5 Nb4 11. Bb3 Nxe4 12. Qe1 Nxf2 13. Qxf2 Nd3 14. Qe2 Nxc1 15. Rxc1 e4 16. Qxe4 Bxb2 17. Nbd2 Qf6 18. Rab1 Bf5 19. Qb4 Bxb1 20. Rxb1 Bc3 21. Qe4 Rac8 22. Nc4 b5 23. Ne3 Rfe8 24. Qd3 Qf4 25. Nf1 a6 26. Rd1 Ba5 27. Kh1 Bb6 28. g3 Qf6 29. N3d2 Qf2 30. Nh2 Re2 0-1


[Site "https://www.chess.com"]

[Event "Titled Tuesday Blitz February 14 Late 2023"]
[White "Yoo, Christopher Woojin"]
[Black "Avinash, Ramesh"]
[WhiteFideId "30909694"]
[BlackFideId "45018340"]
[WhiteElo "2607"]
[BlackElo "2319"]
[Result "1-0"]
[Round "09"]
[TimeControl "180+2"]
[Date "2023.02.14"]
[WhiteClock "0:00:02"]
[BlackClock "0:00:30"]

1. Nf3 Nf6 2. c4 g6 3. Nc3 Bg7 4. e4 O-O 5. d4 d6 6. Be2 e5 7. O-O exd4 8. Nxd4 Nc6 9. Be3 Re8 10. f3 Nxd4 11. Bxd4 Be6 12. Qd2 c6 13. Rad1 Qc7 14. Qe3 c5 15. Bxf6 Bxf6 16. Nb5 Qa5 17. Nxd6 Bd4 18. Rxd4 cxd4 19. Qxd4 Red8 20. e5 b6 21. f4 Qc5 22. Qxc5 bxc5 23. g4 Rab8 24. b3 Bd7 25. Bf3 Rb6 26. f5 Bc6 27. fxg6 hxg6 28. Nxf7 Kxf7 29. Bxc6+ Ke6 30. Rf6+ Kxe5 31. Rxg6 Rc8 32. Rg5+ Kd4 33. Rd5+ Kc3 34. Bd7 Rc7 35. Bf5 a5 36. Rd3+ Kb2 37. Rd2+ Kc3 38. Rg2 a4 39. Rg3+ Kb4 40. g5 Ka3 41. g6 axb3 42. axb3 Rxb3 43. Rxb3+ Kxb3 44. Be6 Rg7 45. Bf7 Kc3 46. h4 Kd4 47. h5 Ke5 48. h6 1-0


[Site "https://www.chess.com"]

[Event "Titled Tuesday Blitz February 14 Late 2023"]
[White "Makridis, Dimitrios"]
[Black "Livaic, Leon"]
[WhiteFideId "25864475"]
[BlackFideId "14531534"]
[WhiteElo "2356"]
[BlackElo "2579"]
[Result "1-0"]
[Round "09"]
[TimeControl "180+2"]
[Date "2023.02.14"]
[WhiteClock "0:00:06"]
[BlackClock "0:00:27"]

1. e4 e6 2. d4 d5 3. Nc3 Bb4 4. e5 c5 5. a3 Bxc3+ 6. bxc3 Ne7 7. h4 Qa5 8. Bd2 Nbc6 9. Qg4 Rg8 10. Nf3 Qa4 11. Bd3 Nf5 12. Bxf5 exf5 13. Qg3 Be6 14. O-O c4 15. Ra2 O-O-O 16. Rb1 h6 17. Kf1 b6 18. Qf4 Rh8 19. Be1 Rdg8 20. Bd2 g5 21. Qh2 f4 22. g3 Bf5 23. Ne1 f3 24. Nxf3 Bxc2 25. Rc1 Be4 26. Ne1 Nd8 27. h5 Ne6 28. g4 Rf8 29. f3 Bh7 30. Kg1 Qd7 31. a4 f5 32. exf6 Rxf6 33. a5 b5 34. a6 Qc7 35. Rb2 Qxh2+ 36. Kxh2 Nc7 37. Ra1 Re8 38. Kg3 Re2 39. Bxg5 Rxe1 40. Rxe1 hxg5 41. Re7 Bd3 42. Rh2 b4 43. cxb4 c3 44. Rg7 c2 45. Rh1 Rxf3+ 46. Kxf3 Be4+ 47. Ke2 Bxh1 48. Kd2 Be4 49. h6 Ne6 50. h7 Bxh7 51. Rxh7 Nxd4 52. Rxa7 Kb8 53. Rb7+ Ka8 54. b5 1-0


[Site "https://www.chess.com"]

[Event "Titled Tuesday Blitz February 14 Late 2023"]
[White "Sjugirov, Sanan"]
[Black "Mekhitarian, Krikor Sevag"]
[WhiteFideId "4189302"]
[BlackFideId "2107660"]
[WhiteElo "2712"]
[BlackElo "2537"]
[Result "1-0"]
[Round "09"]
[TimeControl "180+2"]
[Date "2023.02.14"]
[WhiteClock "0:00:04"]
[BlackClock "0:00:01"]

1. d4 Nf6 2. c4 g6 3. Nc3 d5 4. cxd5 Nxd5 5. e4 Nxc3 6. bxc3 Bg7 7. Bc4 c5 8. Ne2 O-O 9. O-O Nc6 10. Be3 Bg4 11. f3 Bd7 12. Rb1 Qc7 13. Bd3 Rad8 14. Qd2 Bc8 15. d5 Ne5 16. c4 e6 17. Nc3 b6 18. Be2 f5 19. f4 Ng4 20. Bxg4 fxg4 21. e5 Bb7 22. Nb5 Qf7 23. Nd6 Rxd6 24. exd6 exd5 25. cxd5 Rd8 26. f5 Rxd6 27. fxg6 Qxg6 28. Bf4 Rxd5 29. Qe2 Rd7 30. Rbe1 Bd4+ 31. Kh1 h5 32. Be5 Re7 33. Qc4+ Qe6 34. Qxe6+ Rxe6 35. Bxd4 Rxe1 36. Rxe1 cxd4 37. Rd1 Kf7 38. Rxd4 Ke6 39. Kg1 Bd5 40. a3 a5 41. Kf2 Ke5 42. Rd1 b5 43. Rb1 Bc4 44. Ke3 Kd5 45. Kd2 h4 46. Ke3 Ke5 47. g3 hxg3 48. hxg3 Kd5 49. Rb2 Kc5 50. Rh2 b4 51. Rh5+ Bd5 52. axb4+ axb4 53. Kd3 Kc6 54. Kd4 Bf3 55. Rc5+ Kb6 56. Kc4 b3 57. Rb5+ Kc6 58. Rb8 Bd5+ 59. Kd4 Be6 60. Rb4 Kd6 61. Rb6+ Ke7 62. Ke5 Bc4 63. Rb4 Bf7 64. Rxg4 b2 65. Rb4 1-0


[Site "https://www.chess.com"]

[Event "Titled Tuesday Blitz February 14 Late 2023"]
[White "Pakleza, Zbigniew"]
[Black "Kollars, Dmitrij"]
[WhiteFideId "1119290"]
[BlackFideId "12909572"]
[WhiteElo "2494"]
[BlackElo "2607"]
[Result "1-0"]
[Round "09"]
[TimeControl "180+2"]
[Date "2023.02.14"]
[WhiteClock "0:00:43"]
[BlackClock "0:00:55"]

1. d4 Nf6 2. Nf3 d5 3. Bf4 c5 4. c3 Nc6 5. Nbd2 e6 6. e3 cxd4 7. cxd4 Be7 8. h3 O-O 9. Bd3 b6 10. O-O Nb4 11. Be2 Ba6 12. Bxa6 Nxa6 13. Qa4 Nb4 14. Ne5 Qe8 15. Qxe8 Rfxe8 16. a3 Na6 17. Rfc1 Bd6 18. Rc6 Bxe5 19. Bxe5 Nd7 20. Rac1 Nxe5 21. dxe5 Nc5 22. f4 f6 23. Nf3 Re7 24. b4 Ne4 25. Nd4 Kf7 26. Rc7 Re8 27. Nb5 fxe5 28. fxe5 Rxc7 29. Rxc7+ Re7 30. Nd6+ 1-0


[Site "https://www.chess.com"]

[Event "Titled Tuesday Blitz February 14 Late 2023"]
[White "Goltsev, Dmitry"]
[Black "Indjic, Aleksandar"]
[WhiteFideId "24176710"]
[BlackFideId "911925"]
[WhiteElo "2269"]
[BlackElo "2618"]
[Result "1/2-1/2"]
[Round "09"]
[TimeControl "180+2"]
[Date "2023.02.14"]
[WhiteClock "0:01:01"]
[BlackClock "0:01:03"]

1. e4 e5 2. Nf3 Nc6 3. Bb5 Nf6 4. O-O Nxe4 5. d4 Nd6 6. Bxc6 dxc6 7. dxe5 Nf5 8. Qxd8+ Kxd8 9. Rd1+ Ke8 10. Bg5 Be6 11. Nc3 h6 12. Bf4 Be7 13. b3 Nh4 14. Nxh4 Bxh4 15. Ne4 b6 16. c4 Rd8 17. Rxd8+ Kxd8 18. Rd1+ Kc8 19. Be3 Be7 20. h3 a5 21. f4 h5 22. Ng5 Bxg5 23. fxg5 c5 24. Kf2 a4 25. Ke2 Kb7 26. Kd2 axb3 27. axb3 Ra8 28. Rc1 Bf5 29. Kc3 Rd8 30. Kb2 Be4 31. g3 g6 32. h4 Kc6 33. Bf4 Bf5 34. Be3 Re8 35. Bf4 Kd7 36. Rd1+ Ke6 37. Rd2 Be4 38. Rd1 Rb8 39. Rd2 b5 40. cxb5 Rxb5 41. Kc3 Bd5 42. Rb2 Kf5 43. b4 Be6 44. bxc5 Rxc5+ 45. Kd2 Rc4 46. Rc2 Rxf4 47. gxf4 Kxf4 48. Rxc7 Kg4 49. Ke3 Kxh4 50. Kf4 Kh3 51. Rc1 Kg2 52. Rc2+ Kh3 53. Rc1 Kg2 54. Rc2+ Kh3 55. Rc1 1/2-1/2


[Site "https://www.chess.com"]

[Event "Titled Tuesday Blitz February 14 Late 2023"]
[White "Zhigalko, Sergei"]
[Black "Salimova, Nurgyul"]
[WhiteFideId "13502956"]
[BlackFideId "2915138"]
[WhiteElo "2572"]
[BlackElo "2391"]
[Result "1-0"]
[Round "09"]
[TimeControl "180+2"]
[Date "2023.02.14"]
[WhiteClock "0:00:04"]
[BlackClock "0:00:01"]

1. e4 c5 2. Nf3 d6 3. d4 cxd4 4. Qxd4 Nc6 5. Bb5 Bd7 6. Bxc6 Bxc6 7. Nc3 Nf6 8. Bg5 e6 9. O-O-O Be7 10. Rhe1 O-O 11. Kb1 Qa5 12. Qd2 Qc7 13. Nd4 Rac8 14. f3 Rfd8 15. g4 a6 16. Nce2 b5 17. Ng3 a5 18. Rg1 Ne8 19. h4 Ba8 20. Nxb5 Qd7 21. Nd4 a4 22. a3 f6 23. Be3 d5 24. g5 Rb8 25. Ka1 e5 26. Ndf5 d4 27. gxf6 Bxf6 28. Nh5 Qb5 29. Nxf6+ Nxf6 30. Rxg7+ Kh8 31. Rb1 dxe3 32. Qg2 Rd7 33. Qg5 Rf8 34. Rg1 e2 35. Qc1 Qb6 36. Rxd7 Nxd7 37. Re1 Nf6 38. Rxe2 Rg8 39. Re1 Bb7 40. Rd1 Qc5 41. Qh6 Qf8 42. Qe3 Bc8 43. Nd6 Be6 44. Qc3 Nd7 45. Nb5 Qf6 46. Nc7 Bf7 47. b4 axb3 48. Rxd7 Rg1+ 49. Kb2 bxc2 50. Kxc2 Qf4 51. Rd2 Qf6 52. Nb5 Bg6 53. Nd6 Qe6 54. Nc4 Bf7 55. Qxe5+ Qxe5 56. Nxe5 Be6 57. Rd6 Bh3 58. a4 Rg2+ 59. Kb3 1-0


[Site "https://www.chess.com"]

[Event "Titled Tuesday Blitz February 14 Late 2023"]
[White "Jaracz, Pawel"]
[Black "Melkumyan, Hrant"]
[WhiteFideId "1102222"]
[BlackFideId "13302485"]
[WhiteElo "2467"]
[BlackElo "2645"]
[Result "0-1"]
[Round "09"]
[TimeControl "180+2"]
[Date "2023.02.14"]
[WhiteClock "0:00:01"]
[BlackClock "0:00:23"]

1. e4 c5 2. Nf3 Nc6 3. d4 cxd4 4. Nxd4 g6 5. c4 Nf6 6. Nc3 d6 7. Be2 Nxd4 8. Qxd4 Bg7 9. Be3 O-O 10. Qd2 a5 11. f3 a4 12. O-O-O Be6 13. Kb1 Qa5 14. Rc1 Rfc8 15. Nb5 Qxd2 16. Bxd2 Nd7 17. Rc2 f5 18. Bd3 Ne5 19. exf5 gxf5 20. Nd4 Bxc4 21. Bxf5 Rc5 22. Bb4 Rc7 23. f4 Nf7 24. Rhc1 d5 25. Ne6 Rc6 26. Nxg7 Kxg7 27. Bxe7 Nh6 28. Rxc4 Rxc4 29. Rxc4 dxc4 30. Bd7 Ng8 31. Bh4 Nf6 32. Be6 b5 33. a3 Re8 34. f5 Rd8 35. Kc2 Rd4 36. Be1 Re4 37. Bc3 Re2+ 0-1


[Site "https://www.chess.com"]

[Event "Titled Tuesday Blitz February 14 Late 2023"]
[White "Urazayev, Arystanbek"]
[Black "Vlassov, Nikolai"]
[WhiteFideId "13709810"]
[BlackFideId "4103360"]
[WhiteElo "2460"]
[BlackElo "2283"]
[Result "1-0"]
[Round "09"]
[TimeControl "180+2"]
[Date "2023.02.14"]
[WhiteClock "0:02:33"]
[BlackClock "0:01:22"]

1. e4 Nc6 2. Nf3 Nf6 3. e5 Nd5 4. Nc3 e6 5. Ne4 d6 6. exd6 cxd6 7. d4 Be7 8. c3 O-O 9. Bd3 h6 10. O-O e5 11. Ng3 Bg4 12. h3 Bd7 13. Re1 exd4 14. cxd4 Bf6 15. Bb1 Re8 16. Rxe8+ Qxe8 17. a3 Be7 18. Qd3 Nf6 19. Bf4 Bf8 20. Nh5 Be7 21. Nxf6+ Bxf6 22. Qh7+ Kf8 23. Bxd6+ 1-0


[Site "https://www.chess.com"]

[Event "Titled Tuesday Blitz February 14 Late 2023"]
[White "EREBUNI91"]
[Black "Naroditsky, Daniel"]
[BlackFideId "2026961"]
[WhiteElo "2724"]
[BlackElo "2618"]
[Result "1/2-1/2"]
[Round "09"]
[TimeControl "180+2"]
[Date "2023.02.14"]
[WhiteClock "0:01:13"]
[BlackClock "0:00:04"]

1. e4 c5 2. Nf3 d6 3. Bb5+ Nd7 4. d4 cxd4 5. Qxd4 a6 6. Bxd7+ Bxd7 7. Nc3 e5 8. Qb4 Bc6 9. O-O Nf6 10. Bg5 h6 11. Bxf6 Qxf6 12. Rad1 Be7 13. Nd5 Bxd5 14. Rxd5 O-O 15. c4 Rab8 16. a4 b6 17. Rfd1 Rfc8 18. b3 Qe6 19. Nd2 Rc5 20. Nf1 Qg6 21. f3 Qg5 22. Qc3 b5 23. Ne3 bxa4 24. bxa4 Rc6 25. Nf5 Bf8 26. a5 Rbc8 27. Nxd6 Bxd6 28. Rxd6 Rxc4 29. Rd8+ Rxd8 30. Rxd8+ Qxd8 31. Qxc4 Qd1+ 32. Kf2 Qd2+ 33. Kf1 Qd6 34. Qc8+ Kh7 35. Qf5+ Kg8 36. Qc8+ Kh7 37. Qf5+ Kh8 38. Qc8+ Kh7 1/2-1/2


[Site "https://www.chess.com"]